 Dungeon Crawl Stone Soup version 0.31-a0-1074-g0b22e4e0f1 (webtiles) character file.

Game seed: 8152103300804312587

255 lunkers the Insei (level 6, -4/47 HPs)
             Began as a Meteoran Shapeshifter on Nov 28, 2023.
             Was a Believer of Wu Jian.
             Slain by Pikel
             ... wielding a +2 whip of freezing
              (9 damage)
             ... on level 4 of the Dungeon.
             The game lasted 00:02:46 (1383 turns).

lunkers the Insei (Meteoran Shapeshifter)           Turns: 1383, Time: 00:02:47

Health: -4/47      AC:  5    Str: 15    XL:     6   Next: 66%
Magic:  7/7        EV: 11    Int: 12    God:    Wu Jian [**....]
Gold:   142        SH:  0    Dex: 16    Spells: 5/5 levels left

rFire   . .          .
                       - Unarmed
rCold   . . .        (no shield)
rNeg    . . .        j - +0 ring mail
rPois   +            (helmet currently unavailable)
rElec   .            (cloak currently unavailable)
rCorr   .            (gloves currently unavailable)
SInv    .            (boots currently unavailable)
Will    .....        (no amulet)
Stlth   +            m - ring of poison resistance
HPRegen 0.27/turn    (no ring)
MPRegen 0.10/turn

%: no passive effects
@: beast-form, glowing
A: beast (slay +2), sense surroundings 1, otherworldly, glowing, explore regen
a: Begin Untransformation, Renounce Religion, Wall Jump


You were on level 4 of the Dungeon.
You worshipped Wu Jian.
Wu Jian was pleased with you.
You were a hulking beast.
You visited 1 branch of the dungeon, and saw 4 of its levels.

You collected 142 gold pieces.

Inventory:

Armour
 j - a +0 ring mail (worn)
 n - a +0 helmet
Jewellery
 m - a ring of poison resistance (left hand)
Talismans
 c - a beast talisman
 d - a flux talisman
 f - a maw talisman
Scrolls
 a - a scroll of identify {unknown}
 b - a scroll of immolation {unknown}
 k - a scroll of fear {unknown}
 l - a scroll of enchant armour {unknown}
 p - a scroll of silence {unknown}
 q - a scroll of amnesia {unknown}
Potions
 e - 2 potions of invisibility {unknown}
 g - 3 potions of brilliance {unknown}
 h - a potion of curing {unknown}
 i - 3 potions of haste {unknown}
 o - a potion of heal wounds {unknown}
 r - a potion of might {unknown}
 s - a potion of degeneration {unknown}
 t - a potion of mutation {unknown}


   Skills:
 - Level 1.1 Fighting
 - Level 2.1 Dodging
 * Level 6.9 Unarmed Combat
 + Level 5.2 Shapeshifting


You had 5 spell levels left.
You didn't know any spells.
Your spell library contained the following spells:

 Spells                   Type           Power      Damage    Failure   Level
 Ozocubu's Armour         Ice            0%         N/A       89%         3
 Simulacrum               Ice/Necr       0%         N/A       100%        6
 Ozocubu's Refrigeration  Ice            0%         4d7       100%        7
 Polar Vortex             Ice            0%         N/A       100%        9


Dungeon Overview and Level Annotations

Branches:
Dungeon (4/15) Zot: 1032
 Temple: D:4-7

Altars:
Hepliaklqana
Wu Jian

Annotations:
D:4 Pikel


Innate Abilities, Weirdness & Mutations

You are a hulking beast.
Your limbs bulge with bestial killing power. (Slay +2)
You passively map a small area around you.
You are easily found by Zot.
You glow in the dark.
You regain HP and MP as you explore.


Message History

You punch Pikel!
Pikel is moderately wounded.
Pikel hits you with a +2 whip of freezing.
Pikel freezes you.
Unknown command.
You punch Pikel!
Pikel is severely wounded.
Unknown command.
You hit Pikel.
Pikel is almost dead.
Pikel hits you but does no damage.
Unknown command.
You closely miss Pikel.
Pikel is almost dead.
Pikel barely misses you.
Unknown command.
You hit Pikel but do no damage.
Pikel is almost dead.
Pikel hits you with a +2 whip of freezing!
* * * LOW HITPOINT WARNING * * *
Pikel freezes you.
* * * LOW HITPOINT WARNING * * *
You closely miss Pikel.
Pikel is almost dead.
Pikel hits you with a +2 whip of freezing!
* * * LOW HITPOINT WARNING * * *
Pikel freezes you.
* * * LOW HITPOINT WARNING * * *
You hit Pikel but do no damage.
Pikel is almost dead.
Pikel says, "I knew I should've brought a map."
Pikel hits you with a +2 whip of freezing.
* * * LOW HITPOINT WARNING * * *
Pikel freezes you.
* * * LOW HITPOINT WARNING * * *
You hit Pikel.
Pikel is almost dead.
Pikel hits you with a +2 whip of freezing!
You die...
Pikel says, "See you in Hell!"

* * ..(.. , , .#.###
* , ......, , ,, ....
, , , * .55# * , ,
#55 ,, ,, #..* #K# ,
#..# #h# ,,, , #..#
#.#* , , #..# #.# , ,
#..# #.# * , , #..#
#.# , ,
#..####.######. , ,
#..............
.#######.####.######.
....................,
,


You could see Pikel and 4 lemures.

Vanquished Creatures
  A black bear (D:3)
  4 gnolls (D:4)
  5 adders
  3 worms (D:2)
  3 dart slugs
  2 orcs
  7 bats
  8 endoplasms
  A giant cockroach (D:2)
  7 goblins
  4 hobgoblins
  4 kobolds
  4 quokkas
  5 ball pythons
  3 frilled lizards
  4 rats
65 creatures vanquished.

Notes
Turn   | Place    | Note
-------+----------+-------------------------------------------
     0 | D:1      | lunkers the Meteoran Shapeshifter began the quest for the
                  | Orb.
     0 | D:1      | Reached XP level 1. HP: 16/16 MP: 2/2
    55 | D:1      | Found an ornate altar of the Wu Jian Council.
    78 | D:1      | Reached XP level 2. HP: 8/23 MP: 3/3
    79 | D:1      | Reached skill level 4 in Unarmed Combat
    94 | D:1      | Became a worshipper of the Wu Jian Council
   233 | D:1      | Reached XP level 3. HP: 28/28 MP: 4/4
   619 | D:2      | Reached XP level 4. HP: 24/35 MP: 5/5
   625 | D:2      | Reached skill level 5 in Unarmed Combat
   627 | D:2      | Reached * piety under Wu Jian
   872 | D:3      | Found a hazy altar of Hepliaklqana.
   883 | D:3      | Identified the +3 dagger "Nomy" {heavy, *Rage rElec rF+++
                  | Dex-2}
   900 | D:3      | Reached XP level 5. HP: 36/40 MP: 6/6
   955 | D:3      | Noticed a black bear
   965 | D:3      | Killed a black bear
   966 | D:3      | Reached skill level 6 in Unarmed Combat
   966 | D:3      | Reached skill level 5 in Shapeshifting
   966 | D:3      | Reached XP level 6. HP: 36/47 MP: 7/7
  1271 | D:4      | Reached ** piety under Wu Jian
  1368 | D:4      | Noticed Pikel
  1383 | D:4      | Slain by Pikel

Illustrated notes

Levels and vault maps discovered:
D:1:      sevenhm_arrival_forest_fort_small_4, layout_basic, minmay_hexomino_r4
D:2:      layout_basic, minmay_diced_spiral, uniq_crazy_yiuf_cottage,
          uniq_jessica
D:3:      layout_loops_ring, nicolae_hepliaklqana_hazy_memory
D:4:      layout_basic, mainiacjoe_overflow_boulevard, uniq_pikel

Skill      XL: |  1  2  3  4  5 |
---------------+----------------+-----
Unarmed Combat | 4 5 6 |  6.9
Shapeshifting  | 4 5 |  5.2
Fighting       | |  1.1
Dodging        | |  2.1

Action                     |  1- 3 |  4- 6 || total
---------------------------+-------+-------++-------
  Melee: Unarmed           |    79 |   121 ||   200
         Punch             |       |     3 ||     3
Ability: Lunge             |     9 |    10 ||    19
         Whirlwind         |       |     1 ||     1
         Wall Jump         |       |     1 ||     1
    Use: Potion            |       |     1 ||     1
 Armour: Animal skin       |    36 |       ||    36
         Ring mail         |     4 |    63 ||    67
         Skin              |       |    18 ||    18
  Dodge: Dodged            |    52 |    31 ||    83

Table legend: (Time is in decaauts)
 A = Elapsed time spent in this place.
 B = Non-inter-level travel time spent in this place.
 C = Inter-level travel time spent in this place.
 D = Time resting spent in this place.
 E = Time spent auto-exploring this place.
 F = Levels seen in this place.
 G = Mean time per level.
                   A        B        C        D        E       F      G
               +--------+--------+--------+--------+--------+-----+--------+
         Total |   1366 |   1327 |     39 |     17 |    890 |   4 |  341.5 |
       Dungeon |   1366 |   1327 |     39 |     17 |    890 |   4 |  341.5 |
               +--------+--------+--------+--------+--------+-----+--------+

Top non-repeatable levels by time:
     D:3: 434 daAuts
     D:2: 433 daAuts
     D:1: 366 daAuts
     D:4: 132 daAuts
